 Dungeon Crawl Stone Soup version 0.20.0-15-g7f486f2 (webtiles) character file.

8447 Haldmier the Frost Mage (level 11, -8/54 HPs)
             Began as a Deep Elf Ice Elementalist on June 19, 2017.
             Was an Elder of Sif Muna.
             Mangled by an ice dragon (13 damage)
             ... on level 11 of the Dungeon.
             The game lasted 01:20:46 (14215 turns).

Haldmier the Frost Mage (DEIE)                     Turns: 14215, Time: 01:20:47

Health: -8/54      AC:  6    Str:  5    XL:     11   Next: 10%
Magic:  9/24       EV: 23    Int: 24    God:    Sif Muna [****..]
Gold:   430        SH:  0    Dex: 15    Spells: 9/25 levels left

rFire    + . .     SeeInvis .   f - +2 dagger (venom)
rCold    + . .     Gourm    .   (no shield)
rNeg     . . .     Faith    .   E - +2 robe {rC+ rF+}
rPois    .         Spirit   .   F - +0 helmet
rElec    .         Reflect  .   d - +0 cloak
rCorr    .         Harm     .   (no gloves)
MR       ++...                  (no boots)
Stlth    +++.......             (no amulet)
Regen    0.2/turn               L - ring of protection from magic
MPRegen  0.2/turn               s - +4 ring of evasion

@: very slightly contaminated
A: no striking features
a: Divine Energy, Channel Magic, Forget Spell, Renounce Religion


You were on level 11 of the Dungeon.
You worshipped Sif Muna.
Sif Muna was greatly pleased with you.
You were not hungry.

You visited 2 branches of the dungeon, and saw 12 of its levels.
You also visited: Sewer.

You collected 430 gold pieces.

Inventory:

Hand Weapons
 f - a +2 dagger of venom (weapon)
 J - a +0 quarterstaff
Missiles
 e - 4 tomahawks of returning (quivered)
 m - a throwing net
Armour
 d - a +0 cloak (worn)
 E - a +2 robe of resistance (worn)
 F - a +0 helmet (worn)
 K - a +0 troll leather armour
Jewellery
 s - a +4 ring of evasion (right hand)
 L - a ring of protection from magic (left hand)
Wands
 q - a wand of confusion (4/48)
 D - a wand of scattershot (4/9)
Scrolls
 g - 6 scrolls of teleportation
 i - 2 scrolls of enchant weapon
 l - 3 scrolls of amnesia
 t - 4 scrolls of recharging
 H - 2 scrolls of identify
 I - 2 scrolls of fog
Potions
 j - 2 potions of berserk rage
 k - a potion of resistance
 n - a potion of mutation {unknown}
 o - 3 potions of agility
 p - 7 potions of haste
 u - 2 potions of cancellation
 v - 3 potions of curing
 w - 3 potions of heal wounds
 z - 3 potions of magic
 A - 5 potions of might
 C - a potion of brilliance {unknown}
Books
 b - a book of Frost

   Spells                             Type                      Level
   a - Freeze                         Ice                          1
   b - Throw Frost                    Conjuration/Ice              2
   c - Ozocubu's Armour               Charms/Ice                   3
   d - Throw Icicle                   Conjuration/Ice              4
   e - Summon Ice Beast               Ice/Summoning                4
 r - a book of Minor Magic

   Spells                             Type                      Level
   a - Magic Dart                     Conjuration                  1
   b - Blink                          Translocation                2
   c - Call Imp                       Summoning                    2
   d - Slow                           Hexes                        2
   e - Conjure Flame                  Conjuration/Fire             3
   f - Mephitic Cloud                 Conjuration/Poison/Air       3
Comestibles
 a - 7 fruits
 c - 8 bread rations
 h - 4 chunks of flesh
 x - 7 meat rations
 B - 8 royal jellies


   Skills:
 + Level 9.7 Dodging
 - Level 4.0 Stealth
 + Level 7.6 Spellcasting
 + Level 9.2 Conjurations
 - Level 3.1 Charms
 - Level 5.0 Summonings
 - Level 2.1 Translocations
 + Level 11.3 Ice Magic


You had 9 spell levels left.
You knew the following spells:

 Your Spells              Type           Power        Failure   Level  Hunger
a - Freeze                Ice            ####         1%          1    None
b - Throw Frost           Conj/Ice       ######       1%          2    None
c - Ozocubu's Armour      Chrm/Ice       #####...     1%          3    None
d - Throw Icicle          Conj/Ice       ######..     1%          4    ###....
e - Blink                 Tloc           N/A          4%          2    None
f - Summon Ice Beast      Ice/Summ       #####...     2%          4    ###....


Dungeon Overview and Level Annotations

Branches:
Dungeon (11/15)            Temple (1/1) D:6            Lair (0/6) D:11
    Orc (0/2) D:9

Altars:
Ashenzari
Cheibriados
Dithmenos
Elyvilon
Fedhas
Gozag
Hepliaklqana
Kikubaaqudgha
Makhleb
Nemelex Xobeh
Okawaru
Qazlal
Ru
Sif Muna
Trog
Uskayaw
Vehumet
Xom
Yredelemnul
Zin
The Shining One

Shops:
D:6 =   D:11 [

Portals:
Ice
Cave: D:11

Annotations:
D:4 Haldmier's ghost, amateur DEIE; Sigmund
D:7 red ugly thing
D:10 exclusion: 2 oklob plants


Message History

You hit the ice dragon but do no damage.
The ice dragon is lightly wounded.
The ice dragon seems less confused.
The ice dragon bites you. The ice dragon barely misses you.
The ice dragon tramples you.
You stumble backwards!
Casting: Summon Ice Beast
Confirm with . or Enter, or press ? or * to list all spells.
You miscast Summon Ice Beast.
You are very lightly contaminated with residual magic.
Distant voices call out to you! The ice dragon closely misses you.
The ice dragon misses you. The ice dragon tramples you!
* * * LOW HITPOINT WARNING * * *
You hold your ground!
Casting: Summon Ice Beast
Confirm with . or Enter, or press ? or * to list all spells.
You blink.
The ice dragon bites you!
* * * LOW HITPOINT WARNING * * *
The ice dragon claws you!
You die...

......# #.##.## *,,,, #####.#
##.##.##########**** #####.##
#..##..........# #......#
#..........###.# #.###>.#####
#...≈≈≈....# #.# # ........hT.#
#..§.≈≈≈≈..###.#####
.####§####.####.≈§.≈≈≈≈.##.......
,* #§# #.T# #..≈≈>.§§.##..#####
,* *#§#* #..# #.@≈§.≈≈.§##..#
,***######..###D.≈≈§≈§≈§....#
,,,,#8#§.....#§...§§≈§§.##..#####
,**#######.#.#........§.##.......
,* *#,** #.#.#..####.#......#####
,* #,* #.#.##.# #.#.####.#
,**##.####.#.##.# #.#.# #.# *
,,,§.......#[##.# #.#.# #.# *
,,,§.......<....# #D#.#**#.# *


You could see an ice dragon.

Vanquished Creatures
  An unseen horror (D:8)
  A hippogriff (D:7)
  Eustachio (D:6)
  A wyvern (D:9)
  2 yaks
  A hog (D:7)
  3 humans
  4 ice beasts
  4 sky beasts
  A black bear (D:11)
  An ogre (D:5)
  2 centaurs
  3 big kobolds
  6 bullfrogs
  3 scorpions
  A killer bee (D:8)
  A howler monkey (D:5)
  3 crimson imps
  10 hounds
  2 orc priests
  6 orc wizards
  3 iguanas
  Ijyb (D:4)
  7 worker ants
  Terence (D:2)
  3 hound zombies
  A howler monkey zombie (D:10)
  2 gnolls (D:5)
  13 adders
  2 shadow imps
  An ooze (D:7)
  2 worms (D:2)
  3 dart slugs
  3 leopard geckos
  21 orcs
  8 giant cockroaches
  7 goblins
  7 hobgoblins
  22 jackals
  27 kobolds
  7 quokkas
  7 ball pythons
  5 bats
  8 frilled lizards
  A leopard gecko zombie (D:8)
  10 rats
  4 plants (Sewer)
233 creatures vanquished.

Vanquished Creatures (collateral kills)
  2 two-headed ogres
  A cyclops (D:9)
  A centaur skeleton (D:10)
  A polar bear (D:11)
  2 trolls
  A hippogriff (D:8)
  11 yaks
  3 hogs (D:7)
  3 wargs
  A hell hound (D:11)
  An orc warrior (D:8)
  6 ogres
  5 centaurs
  A wyvern zombie (D:10)
  A bullfrog (D:10)
  A water moccasin zombie (D:10)
  A wyvern skeleton (D:10)
  2 scorpions (D:8)
  4 centaur zombies
  5 orc wizards
  A bullfrog skeleton (D:4)
  2 hounds (D:9)
  A quasit (D:10)
  An orc priest (D:6)
  2 jellies
  An iguana (D:5)
  A worker ant (D:11)
  A worker ant zombie (D:5)
  6 gnolls
  3 adders
  2 shadow imps
  2 leopard geckos
  10 orcs
  A leopard gecko skeleton (D:8)
  A quokka skeleton (D:9)
88 creatures vanquished.

Vanquished Creatures (others)
  A polar bear (D:11)
  A yak (D:11)
  A jelly (D:11)
3 creatures vanquished.

Grand Total: 324 creatures vanquished

Notes
Turn   | Place    | Note
-------+----------+-------------------------------------------
     0 | D:1      | Haldmier the Deep Elf Ice Elementalist began the quest for the Orb.
     0 | D:1      | Reached XP level 1. HP: 10/10 MP: 6/6
   238 | D:1      | Reached XP level 2. HP: 15/15 MP: 8/8
  1114 | D:2      | Reached XP level 3. HP: 15/19 MP: 4/9
  1180 | D:2      | Learned a level 3 spell: Ozocubu's Armour
  1492 | D:2      | Found a hide-covered altar of Uskayaw.
  1493 | D:2      | Noticed Terence
  1498 | D:2      | Noticed a dagger
  1498 | D:2      | Noticed a dagger
  1530 | D:2      | Killed Terence
  1530 | D:2      | Reached skill level 1 in Charms
  1530 | D:2      | Reached skill level 4 in Ice Magic
  1530 | D:2      | Reached XP level 4. HP: 14/24 MP: 0/11
  2138 | D:3      | Learned a level 4 spell: Summon Ice Beast
  2551 | D:3      | Reached XP level 5. HP: 28/28 MP: 8/12
  3024 | D:4      | Noticed an ogre
  3030 | D:4      | Killed an ogre
  3030 | D:4      | Reached skill level 1 in Summonings
  3030 | D:4      | Reached skill level 5 in Ice Magic
  3084 | D:4      | Found a shattered altar of Ashenzari.
  3085 | D:4      | Found a glowing golden altar of the Shining One.
  3120 | D:4      | Found a glowing drain.
  3148 | Sewer    | Entered a sewer
  3606 | Sewer    | Reached XP level 6. HP: 31/32 MP: 11/13
  4296 | D:4      | Noticed Haldmier's ghost (amateur DEIE)
  4329 | D:4      | Noticed Ijyb
  4341 | D:4      | Killed Ijyb
  4430 | D:4      | Found a radiant altar of Vehumet.
  4444 | D:4      | Learned a level 4 spell: Throw Icicle
  4456 | D:4      | Noticed Sigmund
  4886 | D:4      | Found a snail-covered altar of Cheibriados.
  5128 | D:5      | Entered Level 5 of the Dungeon
  5273 | D:5      | Reached XP level 7. HP: 33/36 MP: 8/15
  5545 | D:5      | Reached skill level 6 in Ice Magic
  5652 | D:5      | Learned a level 2 spell: Blink
  5784 | D:5      | Reached skill level 1 in Translocations
  6454 | D:6      | Reached skill level 5 in Dodging
  6584 | D:6      | Found Reaclis's Jewellery Shop.
  6608 | D:5      | Reached skill level 7 in Ice Magic
  6608 | D:5      | Reached XP level 8. HP: 35/41 MP: 12/16
  6634 | D:6      | Noticed Eustachio
  6655 | D:6      | Killed Eustachio
  7106 | D:6      | Found a staircase to the Ecumenical Temple.
  7112 | Temple   | Entered the Ecumenical Temple
  7127 | Temple   | Became a worshipper of Sif Muna the Loreminder
  8281 | D:7      | Reached skill level 8 in Ice Magic
  8286 | D:7      | Reached * piety under Sif Muna
  8423 | D:7      | Reached XP level 9. HP: 37/45 MP: 8/17
  8427 | D:7      | Reached skill level 5 in Summonings
  8575 | D:7      | Learned a level 2 spell: Throw Frost
  8633 | D:7      | Reached skill level 5 in Conjurations
  9081 | D:8      | Noticed a two-headed ogre
  9199 | D:8      | Reached skill level 9 in Ice Magic
  9596 | D:8      | Noticed a red ugly thing
  9610 | D:8      | Reached ** piety under Sif Muna
  9740 | D:8      | Found a sacrificial altar of Ru.
  9851 | D:8      | Killed a two-headed ogre
 10445 | D:8      | Reached skill level 10 in Ice Magic
 10993 | D:9      | Reached XP level 10. HP: 50/50 MP: 14/18
 11210 | D:9      | Found a staircase to the Orcish Mines.
 11211 | D:9      | Found a sparkling altar of Nemelex Xobeh.
 11216 | D:9      | Noticed a two-headed ogre
 11238 | D:8      | Killed an unseen horror
 11526 | D:9      | Reached *** piety under Sif Muna
 11708 | D:9      | Killed a two-headed ogre
 11708 | D:9      | Reached skill level 5 in Spellcasting
 11831 | D:9      | Noticed a cyclops
 11846 | D:9      | Killed a cyclops
 12078 | D:10     | Entered Level 10 of the Dungeon
 12794 | D:10     | Found an iron altar of Okawaru.
 12818 | D:10     | Reached **** piety under Sif Muna
 13144 | D:10     | Reached skill level 11 in Ice Magic
 13429 | D:10     | Found a blossoming altar of Fedhas.
 13431 | D:10     | Noticed an oklob plant
 13431 | D:10     | Noticed an oklob plant
 13745 | D:11     | Found a frozen archway.
 13758 | D:11     | Reached XP level 11. HP: 36/54 MP: 16/24
 13937 | D:11     | Noticed an ice dragon
 14047 | D:11     | Found a staircase to the Lair.
 14061 | D:11     | Found Yremaj's Antique Armour Boutique.
 14215 | D:11     | Mangled by an ice dragon

Skill      XL: |  1  2  3  4  5  6  7  8  9 10 |
---------------+-------------------------------+-----
Stealth        | 3 4 |  4.0
Dodging        | 3 4 5 6 7 9 |  9.7
Charms         | 1 2 3 |  3.1
Ice Magic      | 4 5 7 8 10 11 | 11.3
Summonings     | 1 2 3 4 5 |  5.0
Spellcasting   | 4 7 |  7.6
Conjurations   | 2 4 7 9 |  9.2
Translocations | 1 2 |  2.1

Action                   |  1- 3 |  4- 6 |  7- 9 | 10-12 || total
-------------------------+-------+-------+-------+-------++-------
Melee: Unarmed           |     2 |       |       |       ||     2
       Hand axe          |       |    14 |     3 |       ||    17
       Dagger            |       |       |   124 |    88 ||   212
Throw: Tomahawk          |    20 |    27 |    19 |     4 ||    70
 Cast: Freeze            |    68 |   151 |   147 |    66 ||   432
       Ozocubu's Armour  |     1 |     5 |    19 |    12 ||    37
       Summon Ice Beast  |       |     5 |    45 |    60 ||   110
       Throw Icicle      |       |       |    10 |     2 ||    12
       Throw Frost       |       |       |    12 |     2 ||    14
       Blink             |       |       |       |     4 ||     4
Evoke: Wand              |       |       |       |     3 ||     3
  Use: Scroll            |       |       |    21 |     4 ||    25
       Potion            |       |       |     1 |       ||     1
 Stab: Sleeping          |       |       |     9 |     2 ||    11
       Distracted        |       |       |     2 |     1 ||     3
       Confused          |       |       |       |     1 ||     1
  Eat: Chunk             |     2 |    13 |    29 |    14 ||    58
       Fruit             |       |       |       |     2 ||     2
Armor: Robe              |    17 |    14 |    55 |    30 ||   116
Dodge: Dodged            |    31 |    57 |   201 |   199 ||   488
